 Dungeon Crawl Stone Soup version 0.22-a0-433-gd2a9cce (webtiles) character file.

44 mortelune the Poker (level 3, -2/28 HPs)
             Began as a Merfolk Skald on May 27, 2018.
             Slain by a quokka (5 damage)
             ... on level 2 of the Dungeon.
             The game lasted 00:05:02 (1624 turns).

mortelune the Poker (Merfolk Skald)                 Turns: 1624, Time: 00:05:03

Health: -2/28      AC:  3    Str: 17    XL:     3   Next: 60%
Magic:  5/6        EV: 13    Int: 12    God:
Gold:   144        SH:  0    Dex: 13    Spells: 1/6 levels left

rFire    . . .     SeeInvis .   a - +0 spear
rCold    . . .     Gourm    .   (no shield)
rNeg     . . .     Faith    .   b - +0 leather armour
rPois    .         Spirit   .   (no helmet)
rElec    .         Reflect  .   (no cloak)
rCorr    .         Harm     .   (no gloves)
MR       .....                  (no boots)
Stlth    +.........             (no amulet)
HPRegen  0.09/turn              (no ring)
MPRegen  0.10/turn              (no ring)

@: mighty, infused
A: change form in water, swift swim, stealthy swim
a: no special abilities


You were on level 2 of the Dungeon.
You were hungry.

You visited 1 branch of the dungeon, and saw 2 of its levels.

You collected 144 gold pieces.

Inventory:

Hand Weapons
 a - a +0 spear (weapon)
Missiles
 g - 83 stones
 o - 5 tomahawks (quivered)
Armour
 b - a +0 leather armour (worn)
Jewellery
 c - an uncursed ring of flight {unknown}
 l - an uncursed ring of protection from magic {unknown}
Scrolls
 f - a scroll of blinking {unknown}
 m - a scroll of enchant weapon {unknown}
 n - 2 scrolls of enchant armour {unknown}
 p - a scroll of noise {unknown}
Potions
 h - a potion of heal wounds {unknown}
 i - a potion of mutation {unknown}
 j - a potion of magic {unknown}
Comestibles
 d - 4 rations


   Skills:
 + Level 2.8 Fighting
 + Level 3.8 Polearms
 - Level 0.6 Armour
 + Level 3.4 Dodging
 - Level 2.0 Spellcasting
 + Level 3.7 Charms


You had one spell level left.
You knew the following spells:

 Your Spells              Type           Power        Failure   Level  Hunger
a - Infusion              Chrm           ##..         7%          1    ##.....
b - Song of Slaying       Chrm           ##......     11%         2    ###....
c - Shroud of Golubria    Chrm/Tloc      #.........   22%         2    ###....

Your spell library contained the following spells:

 Spells                   Type           Power        Failure   Level  Hunger
 Regeneration             Chrm/Necr      #.........   41%         3    ####...
 Spectral Weapon          Hex/Chrm       #.......     41%         3    ####...


Dungeon Overview and Level Annotations

Branches:
Dungeon (2/15)

Altars:
The Shining One

Annotations:
D:2 Terence


Message History

A giant cockroach comes into view.
Terence closely misses you.
You see here 2 lumpy pink potions.
The giant cockroach bites you.
A quokka comes into view.
The giant cockroach closely misses you.
The giant cockroach bites you but does no damage. x2
Your magical contamination has completely faded away.
The quokka completely misses you.
Found a ration.
The quokka bites you but does no damage.
The giant cockroach bites you.
The giant cockroach bites you but does no damage.
Terence hits you with a flail!
* * * LOW HITPOINT WARNING * * *
It was a potion of might.
You feel very mighty all of a sudden.
The quokka bites you but does no damage.
The quokka bites you.
You die...

.. ..............##..## #...#..#
.. ............#....# ##.#.##.#
.# ....#......##.### #..#.# .#
.# ###.##.#.### .# ###.##.# .#
...##.. #.#.###.# ##.....)# .
#.......#.......# #.......# # ..
#..#...#..########.......# .
..............####..........# ..
>...#..#.....@.r@..###......#...
#.##..#........s................
#..#.##.......######.#..........
................. ...#..........
##........#....##### #.....#.###
.#......#....# ####..####.#
#.####.......#.####....## # ..#
##..............#### ..#
#............#######


You could see Terence, a quokka and a giant cockroach.

Vanquished Creatures
  2 worms (D:2)
  2 dart slugs (D:1)
  A leopard gecko (D:1)
  A giant cockroach (D:1)
  3 goblins (D:2)
  6 hobgoblins
  2 kobolds
  A quokka (D:2)
  A ball python (D:1)
  3 bats (D:1)
  2 frilled lizards (D:1)
  10 rats
34 creatures vanquished.

Notes
Turn   | Place    | Note
-------+----------+-------------------------------------------
     0 | D:1      | mortelune the Merfolk Skald began the quest for the Orb.
     0 | D:1      | Reached XP level 1. HP: 16/16 MP: 3/3
   108 | D:1      | Reached XP level 2. HP: 23/23 MP: 5/5
   171 | D:1      | Learned a level 2 spell: Song of Slaying
   174 | D:1      | Learned a level 2 spell: Shroud of Golubria
   547 | D:1      | Reached XP level 3. HP: 24/28 MP: 6/6
  1569 | D:2      | Found a glowing golden altar of the Shining One.
  1590 | D:2      | Noticed Terence
  1624 | D:2      | Slain by a quokka

Vault maps used:
D:1:      dpeg_arrival_tiny_b
D:2:      tso_oasis_becter, first_ration, uniq_terence

Skill      XL: |  1 |
---------------+----+-----
Dodging        | 3 |  3.4
Fighting       | |  2.8
Polearms       | |  3.8
Armour         | |  0.6
Spellcasting   | |  2.0
Charms         | |  3.7

Action                   || total
-------------------------++-------
Melee: Spear             ||   103
Throw: Tomahawk          ||     3
 Cast: Infusion          ||     6
  Use: Potion            ||     1
  Eat: Chunk             ||     2
Armor: Leather armour    ||    41
Dodge: Dodged            ||    58

Table legend:
 A = Spawn XP
 B = Non-spawn XP
 C = Spawn XP percentage of total XP
 D = Spawn monster count
 E = Non-spawn monster count
 F = Spawn count percentage of total count
 G = Total turns spent on level
                    A         B        C        D         E        F      G
               +---------+---------+-------+---------+---------+-------+---------
         Total |       0 |      63 |   0.0 |       0 |      34 |   0.0 |  1624
               +---------+---------+-------+---------+---------+-------+---------
           D:1 |       0 |      36 |   0.0 |       0 |      21 |   0.0 |  1038
           D:2 |       0 |      27 |   0.0 |       0 |      13 |   0.0 |   586
               +---------+---------+-------+---------+---------+-------+---------
